 Dungeon Crawl Stone Soup version 0.28-a0-410-gbef64dd269 (webtiles) character file.

Game seed: 2832369092940903257

1034 heikuro the Slasher (level 8, -3/63 HPs)
             Began as a Formicid Abyssal Knight on Sept 6, 2021.
             Was a Believer of Lugonu.
             Slain by a wyvern (9 damage)
             ... on level 6 of the Dungeon.
             The game lasted 00:14:38 (5441 turns).

heikuro the Slasher (Formicid Abyssal Knight)       Turns: 5441, Time: 00:14:38

Health: -3/63      AC:  8    Str: 19    XL:     8   Next: 48%
Magic:  1/11       EV: 10    Int: 12    God:    Lugonu [**....]
Gold:   395        SH:  0    Dex: 10    Spells: 7/7 levels left

rFire   + . .      SeeInvis +   b - +0 hunting sling
rCold   + . .      Faith    .   (no shield)
rNeg    . . .      Spirit   .   p - +1 ring mail of Surprise {rC+}
rPois   .          Reflect  .   (helmet unavailable)
rElec   .          Harm     .   (no cloak)
rCorr   +          Rampage  .   f - +0 pair of gloves
Will    .....                   (no boots)
Stlth   ..........              c - amulet of regeneration
HPRegen 1.20/turn               o - ring of resist corrosion
MPRegen 0.12/turn               (no ring)

@: no status effects
A: permanent stasis, dig shafts and tunnels, antennae 3, four strong arms, fire
resistance 1, evolution 1
a: Dig, Shaft Self, Renounce Religion, Depart the Abyss, Bend Space


You were on level 6 of the Dungeon.
You worshipped Lugonu.
Lugonu was pleased with you.
You visited 2 branches of the dungeon, and saw 8 of its levels.
You visited the Abyss 1 time.

You collected 395 gold pieces.

Inventory:

Hand Weapons
 a - a +1 falchion
 b - a +0 hunting sling (weapon)
Missiles
 g - 4 atropa-tipped darts
 h - 6 javelins
 s - 36 sling bullets (quivered ammo)
 v - 4 silver javelins
Armour
 d - a +0 chain mail
 f - a +0 pair of gloves (worn)
 p - the +1 ring mail of Surprise (worn) {rC+}
   (You found it on level 4 of the Dungeon)

   rC:        It protects you from cold.
Jewellery
 c - an amulet of regeneration (around neck)
 o - a ring of resist corrosion (left hand)
Wands
 m - a wand of digging (12)
Scrolls
 e - a scroll of immolation {unknown}
 i - a scroll of magic mapping {unknown}
 j - 2 scrolls of amnesia {unknown}
 n - 2 scrolls of enchant weapon {unknown}
 q - a scroll of identify
 t - a scroll of holy word {unknown}
 u - 2 scrolls of fear {unknown}
Potions
 k - a potion of heal wounds
 l - a potion of curing
 r - 2 potions of lignification
 w - a potion of flight {unknown}


   Skills:
 + Level 5.4 Fighting
 * Level 6.0 Long Blades
 + Level 2.4 Slings
 + Level 4.8 Armour
 - Level 1.0 Dodging
 + Level 5.0 Invocations


You had 7 spell levels left.
You didn't know any spells.
Your spell library contained the following spells:

 Spells                   Type           Power      Damage    Failure   Level
 Sublimation of Blood     Necr           0%         N/A       63%         2
 Cause Fear               Hex            0%         N/A       99%         4
 Petrify                  Tmut/Erth      0%         N/A       99%         4
 Irradiate                Conj/Tmut      0%         3d13      100%        5
 Dragon Form              Tmut           0%         N/A       100%        7
 Dragon's Call            Summ           0%         N/A       100%        9


Dungeon Overview and Level Annotations

Branches:
Dungeon (7/15)             Temple (1/1) D:6

Altars:
Ashenzari
Cheibriados
Dithmenos
Elyvilon
Fedhas
Gozag
Hepliaklqana
Kikubaaqudgha
Makhleb
Sif Muna
Trog
Uskayaw
Vehumet
Wu Jian
Xom
Yredelemnul
Zin


Innate Abilities, Weirdness & Mutations

You cannot be hasted, slowed, berserked, paralysed or teleported.
You can dig through walls and to a lower floor.
You have a pair of large antennae on your head. (SInv)
Your four strong arms can wield two-handed weapons with a shield.
Your flesh is heat resistant. (rF+)
You have hidden genetic potential.


Message History

Unknown command.
Fire: 40 sling bullets
Press: ? - help, Q - select action, (/) - cycle Shift-Dir - straight line, f/p - wyvern
Aim: a wyvern (heavily wounded, 59% to hit)
You shoot a sling bullet.
The sling bullet closely misses the wyvern.
Unknown command.
Fire: 39 sling bullets
Press: ? - help, Q - select action, (/) - cycle Shift-Dir - straight line, f/p - wyvern
Aim: a wyvern (heavily wounded, 59% to hit)
Okay, then.
Space bends around you!
You blink.
Fire: 39 sling bullets
Press: ? - help, Q - select action, (/) - cycle Shift-Dir - straight line, f/p - wyvern
Aim: a wyvern (heavily wounded, 59% to hit)
You shoot a sling bullet. The sling bullet hits the wyvern.
The wyvern is severely wounded.
Unknown command.
Fire: 38 sling bullets
Press: ? - help, Q - select action, (/) - cycle Shift-Dir - straight line, f/p - wyvern
Aim: a wyvern (severely wounded, 59% to hit)
You shoot a sling bullet.
The sling bullet hits the wyvern but does no damage.
The wyvern is severely wounded.
Space bends sharply around you!
You blink.
The shadow imp gestures at you. Pain shoots through your body!
* * * LOW HITPOINT WARNING * * *
Space bends around you!
You blink.
The shadow imp hits you but does no damage.
Space bends around you!
You blink.
Fire: 37 sling bullets
Press: ? - help, Q - select action, (/) - cycle Shift-Dir - straight line, f/p - wyvern
Aim: a wyvern (heavily wounded, 59% to hit)
You shoot a sling bullet.
The sling bullet closely misses the wyvern.
The wyvern misses you. Space bends sharply around you!
The wyvern blinks!
You blink.
Space bends around you!
You blink.
The wyvern bites you!
You die...

(.(...........#
..........#####
....(.....#
..........#
..........#
..........#
.....(....#
..........########
......(.......§.@#
.#...........§..l#
........(...(....#
...........5.....#
...........((....#
............§....#
.......###########
#........#
#........#


You could see a wyvern and a shadow imp.

Vanquished Creatures
  Sigmund (D:5)
  A black bear (D:3)
  A necrophage (D:6)
  A bullfrog (D:6)
  A scorpion (D:6)
  A water moccasin skeleton (D:5)
  2 howler monkeys (D:6)
  3 hounds
  A bullfrog skeleton (D:6)
  Jessica (D:3)
  3 iguanas
  2 orc wizards (D:4)
  Terence (D:2)
  3 gnolls (D:6)
  3 adders
  2 ufetubi
  An adder skeleton (D:5)
  A worm (D:5)
  3 dart slugs
  7 orcs
  5 endoplasms
  7 giant cockroaches
  7 goblins
  4 hobgoblins
  7 jackals (D:2)
  4 kobolds
  5 quokkas
  5 ball pythons
  4 bats
  5 frilled lizards
  4 rats
96 creatures vanquished.

Notes
Turn   | Place    | Note
-------+----------+-------------------------------------------
     0 | Abyss:1  | heikuro the Formicid Abyssal Knight began the quest for the
                  | Orb.
     0 | Abyss:1  | Reached XP level 1. HP: 18/18 MP: 2/2
    55 | Abyss:1  | Noticed a crimson imp
    57 | D:1      | Escaped the Abyss
   404 | D:1      | Reached skill level 1 in Dodging
   422 | D:1      | Reached XP level 2. HP: 24/24 MP: 3/3
   449 | D:1      | Reached * piety under Lugonu
   818 | D:1      | Found a faded altar of an unknown god.
   933 | D:2      | Reached XP level 3. HP: 29/29 MP: 4/4
  1002 | D:2      | Noticed Terence
  1020 | D:2      | Killed Terence
  1021 | D:2      | Reached XP level 4. HP: 34/37 MP: 4/6
  1083 | D:2      | Reached skill level 3 in Long Blades
  1819 | D:3      | Noticed Jessica
  1853 | D:3      | Killed Jessica
  1854 | D:3      | Reached XP level 5. HP: 16/42 MP: 7/7
  1917 | D:3      | Reached ** piety under Lugonu
  1933 | D:3      | Noticed a black bear
  1968 | D:3      | Killed a black bear
  1969 | D:3      | Reached XP level 6. HP: 39/48 MP: 3/8
  2075 | D:3      | Reached skill level 4 in Long Blades
  2696 | D:4      | Identified the +1 ring mail of Surprise {rC+}
  2921 | D:4      | Reached XP level 7. HP: 52/55 MP: 10/10
  3137 | D:4      | Gained mutation: You have hidden genetic potential. [potion
                  | of mutation]
  3137 | D:4      | Gained mutation: Your flesh is heat resistant. (rF+)
                  | [potion of mutation]
  3338 | D:5      | Entered Level 5 of the Dungeon
  3757 | D:5      | Noticed Sigmund
  3778 | D:5      | Killed Sigmund
  3779 | D:5      | Reached skill level 5 in Long Blades
  3779 | D:5      | Reached skill level 1 in Slings
  4047 | D:5      | Found a blossoming altar of Fedhas.
  4488 | D:6      | Found a hazy altar of Hepliaklqana.
  4538 | D:6      | Reached skill level 5 in Fighting
  4649 | D:6      | Reached XP level 8. HP: 50/62 MP: 11/11
  4860 | D:6      | Found a staircase to the Ecumenical Temple.
  4883 | Temple   | Entered the Ecumenical Temple
  5326 | D:5      | Reached skill level 5 in Invocations
  5380 | D:7      | Noticed a wyvern
  5404 | D:6      | Reached skill level 6 in Long Blades
  5441 | D:6      | Slain by a wyvern

Illustrated notes

Levels and vault maps discovered:
D:1:      dpeg_arrival_short_road, layout_loops_cross,
          shapermc_ecumenical_altar_pompeii, st_stairs_1
D:2:      layout_basic, minmay_box_of_dots, uniq_terence
D:3:      layout_loops_corners, uniq_jessica
D:4:      layout_basic
D:5:      layout_basic, lemuel_doored_altar, minmay_misc_feat_alley,
          uniq_sigmund
D:6:      layout_basic, general_overflow_altar, minmay_temple_entry_wispy
D:7:      layout_rooms
Temple:   nicolae_temple_no_exploring_needed

Skill      XL: |  1  2  3  4  5  6  7  8 |
---------------+-------------------------+-----
Dodging        | 1 |  1.0
Long Blades    | 3 4 5 6 |  6.0
Invocations    | 3 4 5 |  5.0
Armour         | 3 4 |  4.8
Fighting       | 4 5 |  5.4
Slings         | 1 2 |  2.4

Action                   |  1- 3 |  4- 6 |  7- 9 || total
-------------------------+-------+-------+-------++-------
Melee: Falchion          |    76 |   170 |   199 ||   445
 Fire: Hunting sling     |       |       |    29 ||    29
Throw: Javelin           |       |    12 |     6 ||    18
       Dart              |       |     4 |       ||     4
Invok: Depart the Abyss  |     1 |       |       ||     1
       Bend Space        |       |     6 |    13 ||    19
 Abil: Dig               |       |       |     1 ||     1
  Use: Scroll            |       |     1 |     3 ||     4
       Potion            |       |       |     1 ||     1
Armor: Chain mail        |    60 |   103 |       ||   163
       Ring mail         |       |    11 |    96 ||   107
Dodge: Dodged            |    37 |    74 |   125 ||   236

Table legend: (Time is in decaauts)
 A = Elapsed time spent in this place.
 B = Non-inter-level travel time spent in this place.
 C = Inter-level travel time spent in this place.
 D = Time resting spent in this place.
 E = Time spent auto-exploring this place.
 F = Levels seen in this place.
 G = Mean time per level.
                   A        B        C        D        E       F      G
               +--------+--------+--------+--------+--------+-----+--------+
         Total |   5488 |   5129 |    359 |    240 |   3490 |   9 |  609.8 |
       Dungeon |   5429 |   5070 |    359 |    240 |   3490 |   7 |  775.6 |
        Temple |      1 |      1 |      0 |      0 |      0 |   1 |    1.0 |
         Abyss |     57 |     57 |      0 |      0 |      0 |   1 |   57.0 |
               +--------+--------+--------+--------+--------+-----+--------+

Top non-repeatable levels by time:
     D:3: 1097 daAuts
     D:5: 1048 daAuts
     D:6: 1009 daAuts
     D:1: 818 daAuts
     D:4: 716 daAuts
     D:2: 710 daAuts
 Abyss:1: 57 daAuts
     D:7: 29 daAuts
  Temple: 1 daAuts
